Map: Blackburn LE

Players

Kas

  • Race: Terran Terran
  • League: Grandmaster

DnS - Winner!

  • Race: Protoss Protoss
  • League: Master

Event: DreamHack SC2 Masters 2021 Summer

VOD

Have the link to the VOD?

Description

Time

  • Played on: May 30, 2021, 1:04 p.m.
  • Length: 15:26

All games in this series

Show
View Real Time Build Order
Export as new Build Order

Kas Terran 

Build Orders: Reaper Expand 

Get SALT Encoding   

  12  0:00  SCV  
  13  0:12  SCV  
  14  0:17  Supply Depot  
  14  0:24  SCV  
  15  0:38  SCV  
  15  0:40  Barracks  
  16  0:43  Refinery  
  16  0:50  SCV  
  17  1:02  SCV  
  18  1:14  SCV  
  19  1:28  Reaper, Orbital Command  
  20  1:41  Command Center  
  20  1:55  SCV  
  20  1:58  Bunker  
  21  2:01  Supply Depot  
  21  2:04  Marine  
  21  2:07  SCV  
  23  2:23  SCV  
  23  2:24  Barracks Reactor  
  23  2:27  Factory  
  24  2:35  SCV  
  25  2:38  Refinery  
  25  2:47  SCV  
  26  2:54  Orbital Command  
  25  2:59  SCV  
  25  3:00  Marine  
  25  3:01  Marine  
  28  3:11  SCV  
  29  3:14  Hellion  
  29  3:15  Starport  
  29  3:18  Marine x2  
  32  3:20  SCV  
  32  3:22  Bunker  
  32  3:23  SCV  
  34  3:32  SCV  
  35  3:35  Factory Tech Lab, SCV  
  35  3:36  Marine x2  
  38  3:43  Supply Depot  
  38  3:44  SCV  
  38  3:48  SCV  
  40  3:50  Barracks  
  39  3:56  SCV  
  39  4:01  SCV  
  41  4:06  Marine  
  41  4:07  Marine  
  41  4:08  SCV  
  41  4:09  Cyclone, Viking  
  49  4:16  Barracks  
  47  4:17  SCV  
  47  4:20  SCV, Supply Depot  
  49  4:24  Marine  
  49  4:28  Marine  
  49  4:29  SCV  
  52  4:33  Refinery, SCV  
  52  4:36  Engineering Bay  
  53  4:41  SCV  
  54  4:47  SCV  
  54  4:48  Starport Tech Lab  
  54  4:49  Supply Depot, Marine, Stimpack  
  54  4:50  Marine  
  54  4:51  Marine  
  58  4:54  SCV  
  58  4:57  Widow Mine  
  58  4:59  SCV  
  62  5:02  Terran Infantry Weapons Level 1  
  62  5:03  Supply Depot  
  62  5:11  SCV, Combat Shield  
  62  5:13  Marine x2  
  66  5:17  Marauder x2  
  69  5:22  Supply Depot  
  69  5:23  SCV  
  69  5:24  Medivac  
  72  5:28  Factory Reactor  
  72  5:31  SCV, Marine x2  
  75  5:36  SCV  
  75  5:38  Supply Depot  
  75  5:40  Marauder  
  78  5:43  SCV  
  78  5:44  Marauder  
  78  5:46  Supply Depot  
  78  5:49  Supply Depot  
  81  5:50  SCV  
  81  5:51  Marine x2  
  84  5:58  Command Center  
  84  6:04  SCV  
  84  6:11  SCV  
  85  6:14  Marauder x2, Marine x2  
  85  6:16  SCV, Medivac x2  
  96  6:23  SCV  
  97  6:25  Refinery, Supply Depot  
  97  6:28  SCV  
  97  6:31  Marine  
  97  6:32  Marine  
  100  6:35  SCV  
  100  6:36  Marauder  
  100  6:37  Marauder  
  103  6:40  SCV  
  104  6:49  Marine  
  83  7:03  Marauder, Marine  
  83  7:04  Marauder, Viking x2  
  83  7:05  SCV x2  
  83  7:07  Marine  
  93  7:13  Orbital Command  
  89  7:17  SCV x2  
  89  7:22  Terran Infantry Armor Level 1, Factory Reactor  
  86  7:26  Marauder x2, Marine x2  
  86  7:27  Barracks  
  86  7:29  SCV x2  
  94  7:32  Barracks  
  94  7:37  Missile Turret, Viking  
  94  7:39  Orbital Command, Viking  
  94  7:41  SCV x2  
  100  7:48  Ghost Academy  
  100  7:53  SCV x2  
  100  7:54  Missile Turret  
  100  7:55  Marauder x2  
  103  8:05  SCV, Marine x2  
  100  8:20  Marauder, Marine x2  
  100  8:21  Marauder, Viking x2  
  100  8:23  Marine x2  
  110  8:31  SCV x2  
  109  8:34  Refinery  
  109  8:36  Refinery  
  109  8:38  SCV, Marine  
  109  8:42  Marauder x2  
  109  8:43  Marine x2  
  109  8:45  SCV  
  112  8:54  Medivac x2  
  114  8:58  SCV  
  114  8:59  Command Center  
  114  9:01  SCV, Marine  
  114  9:02  Ghost x2, Marine, Barracks Tech Lab  
  118  9:06  Marine x2, Missile Turret  
  124  9:11  Supply Depot  
  124  9:13  SCV x2, Supply Depot  
  124  9:14  Enhanced Shockwaves  
  124  9:15  Supply Depot  
  126  9:19  Armory, Marine x2  
  128  9:25  Engineering Bay  
  128  9:28  Medivac x2  
  132  9:33  Marauder x2  
  132  9:34  Marauder  
  138  9:39  SCV x3  
  141  9:50  Marine x2  
  141  9:51  SCV  
  139  9:54  Marauder x2  
  139  9:55  Marauder  
  139  9:58  Viking x2  
  148  10:01  SCV x2  
  148  10:03  Marine x2  
  152  10:11  Sensor Tower  
  152  10:12  Barracks x2  
  152  10:13  Terran Infantry Armor Level 2, Barracks, Terran Infantry Weapons Level 2  
  152  10:14  Marine x2  
  152  10:20  Marauder x3  
  160  10:23  Marine x2  
  162  10:30  Viking x2, Missile Turret  
  162  10:32  Terran Ship Weapons Level 1  
  162  10:34  Marine  
  167  10:41  Marauder, Planetary Fortress  
  167  10:42  Marauder, Supply Depot  
  171  10:47  Missile Turret  
  171  10:48  Factory Reactor  
  171  10:50  Starport  
  171  10:53  Marine  
  172  10:57  Marine  
  172  11:00  Marauder  
  172  11:04  Marauder  
  173  11:10  Viking x2  
  173  11:12  Barracks Reactor, Barracks Tech Lab x2  
  173  11:13  Marine x3  
  172  11:21  Marauder x2, Marine  
  172  11:24  Marine  
  178  11:32  Concussive Shells  
  177  11:33  Fusion Core  
  177  11:37  Refinery x2, SCV  
  177  11:38  SCV x2  
  177  11:39  Command Center  
  180  11:51  Supply Depot  
  180  11:52  Supply Depot  
  180  11:53  SCV, Medivac x2  
  180  11:54  Marauder  
  187  12:00  Medivac  
  188  12:02  Medivac  
  188  12:13  Marauder x3, Marine x2  
  188  12:14  Marauder  
  198  12:19  Command Center  
  198  12:20  Ghost  
  198  12:21  Advanced Ballistics  
  185  12:43  Marauder  
  185  12:44  Marauder  
  125  12:53  Marauder x2  
  125  12:54  Marauder  
  125  12:56  Marine x2  
  110  12:58  SCV x2  
  110  12:59  SCV  
  110  13:02  Marine x4  
  110  13:03  Viking  
  110  13:05  Marauder x2  
  117  13:07  Viking  
  119  13:13  Ghost x2  
  119  13:14  Ghost, Marine x2  
  119  13:16  Personal Cloaking  
  127  13:20  SCV x3  
  127  13:22  Planetary Fortress  
  127  13:26  Marauder  
  132  13:28  Viking  
  132  13:29  Viking  
  132  13:32  Orbital Command  
  136  13:35  SCV x2  
  136  13:36  SCV  
  136  13:39  Sensor Tower  
  136  13:40  Viking  
  141  13:43  Viking  
  141  13:45  Marine x3  
  141  13:46  Bunker, Marine  
  143  14:03  Viking  
  143  14:04  Ghost x2, Viking  
  143  14:05  Marauder x2, Marine x3  
  158  14:10  Marauder, Marine x3  
  158  14:11  SCV x3  
  158  14:12  SCV x3  
  169  14:23  Marine x3, Liberator, SCV  
  177  14:24  SCV  
  177  14:26  Liberator  
  177  14:27  Marauder x2  
  184  14:31  Marauder  
  184  14:33  Marauder  
  184  14:34  Marauder  
  184  14:36  Marine  
  184  14:37  Marine  
  184  14:38  Marine  
  193  14:42  Nuke  
  193  14:47  Missile Turret  
  193  14:48  Marauder x2  
  193  14:51  Command Center  
Show
View Real Time Build Order
Export as new Build Order

DnS Protoss - Winner!

Build Orders: 1 Gate Expand, Phoenix Opening, Colossus Rush 

Get SALT Encoding   

  12  0:00  Probe  
  13  0:12  Probe  
  14  0:17  Pylon  
  14  0:24  Probe (Chrono Boost)  
  15  0:36  Probe (Chrono Boost), Gateway  
  16  0:44  Probe (Chrono Boost)  
  16  0:45  Assimilator  
  17  0:51  Probe  
  18  1:03  Probe  
  19  1:15  Probe  
  20  1:27  Cybernetics Core  
  20  1:36  Nexus  
  20  1:38  Probe  
  21  1:45  Pylon  
  21  1:51  Probe  
  22  1:55  Assimilator  
  22  2:04  Probe  
  22  2:07  Stalker (Chrono Boost)  
  25  2:13  Shield Battery  
  25  2:16  Probe  
  26  2:28  Probe  
  26  2:31  Stargate  
  26  2:41  Probe  
  26  2:43  Stalker (Chrono Boost)  
  29  2:48  Probe  
  29  2:51  Warp Gate  
  30  2:53  Probe  
  31  3:00  Probe  
  31  3:05  Probe  
  33  3:12  Probe (Chrono Boost)  
  34  3:15  Phoenix (Chrono Boost)  
  37  3:22  Probe (Chrono Boost)  
  37  3:24  Probe (Chrono Boost)  
  37  3:26  Pylon  
  38  3:29  Probe (Chrono Boost), Adept  
  38  3:31  Probe (Chrono Boost)  
  42  3:36  Phoenix  
  42  3:38  Probe  
  45  3:41  Probe  
  45  3:45  Gateway  
  46  3:51  Probe  
  46  3:55  Probe  
  48  4:01  Phoenix  
  50  4:03  Probe, Assimilator  
  50  4:07  Probe  
  52  4:13  Assimilator  
  52  4:14  Robotics Facility  
  52  4:15  Probe  
  52  4:19  Probe  
  52  4:20  Pylon  
  53  4:27  Probe  
  53  4:29  Pylon  
  54  4:38  Phoenix  
  56  4:40  Probe x2  
  58  4:47  Nexus  
  58  4:52  Probe x2  
  60  4:55  Pylon  
  60  5:01  Robotics Bay  
  60  5:02  Observer  
  60  5:04  Probe x2  
  63  5:10  Phoenix (Chrono Boost)  
  63  5:12  Sentry  
  67  5:15  Adept  
  67  5:18  Pylon  
  67  5:20  Probe  
  70  5:22  Probe  
  72  5:30  Immortal (Chrono Boost)  
  72  5:32  Probe  
  72  5:35  Probe  
  77  5:39  Pylon  
  77  5:42  Phoenix  
  79  5:44  Probe  
  79  5:48  Probe  
  81  5:54  Observer, Pylon  
  81  5:58  Colossus (Chrono Boost)  
  88  6:04  Probe x2  
  88  6:05  Probe  
  88  6:08  Extended Thermal Lance  
  88  6:09  Observer  
  90  6:17  Twilight Council  
  90  6:18  Forge  
  90  6:20  Pylon  
  90  6:23  Shield Battery  
  90  6:25  Shield Battery  
  88  6:28  Phoenix  
  90  6:33  Zealot x2  
  94  6:44  Shield Battery  
  93  6:50  Colossus  
  93  6:53  Phoenix  
  85  6:54  Probe x2  
  85  6:58  Probe (Chrono Boost), Protoss Ground Weapons Level 1 (Chrono Boost)  
  82  7:07  Probe (Chrono Boost)  
  84  7:10  Probe (Chrono Boost)  
  84  7:12  Probe (Chrono Boost)  
  83  7:21  Phoenix  
  85  7:23  Charge  
  85  7:25  Probe  
  85  7:28  Gateway x2  
  86  7:30  Gateway  
  86  7:31  Probe  
  86  7:32  Probe, Gateway  
  86  7:34  Sentry x2  
  86  7:35  Observer  
  92  7:39  Probe  
  92  7:42  Shield Battery  
  93  7:45  Probe x2  
  93  7:51  Probe  
  98  7:54  Colossus (Chrono Boost)  
  102  8:00  Probe x2  
  102  8:03  Probe  
  105  8:12  Gateway  
  105  8:15  Gateway  
  105  8:20  Zealot x2  
  105  8:21  Probe  
  105  8:24  Phoenix  
  112  8:29  Probe  
  112  8:30  Probe  
  112  8:31  Assimilator x2  
  112  8:33  Probe, Pylon  
  115  8:34  Pylon  
  115  8:36  Pylon  
  115  8:41  Pylon  
  115  8:42  Probe  
  116  8:50  Phoenix  
  116  8:53  Pylon, Immortal (Chrono Boost)  
  122  8:56  Protoss Ground Weapons Level 2 (Chrono Boost)  
  122  9:04  Zealot x2  
  122  9:05  Templar Archives, Zealot x2  
  130  9:13  Blink  
  130  9:17  Forge  
  130  9:18  Pylon  
  130  9:20  Observer  
  130  9:22  Immortal (Chrono Boost)  
  134  9:36  Nexus  
  134  9:43  High Templar x2  
  138  9:49  Archon  
  137  9:55  High Templar x2, Zealot x2  
  137  9:56  Zealot x2  
  137  9:59  Robotics Facility  
  149  10:00  Disruptor (Chrono Boost)  
  149  10:01  Archon  
  152  10:10  Protoss Ground Armor Level 1 (Chrono Boost)  
  152  10:12  Probe, Pylon  
  152  10:13  Probe x2, Pylon  
  155  10:18  Zealot x2  
  155  10:19  Zealot  
  161  10:26  Pylon, Stalker x2  
  165  10:31  Disruptor (Chrono Boost), Pylon  
  168  10:38  Probe x3  
  168  10:41  Photon Cannon  
  171  10:45  Shield Battery  
  172  10:50  Observer (Chrono Boost)  
  172  10:56  Disruptor (Chrono Boost)  
  172  10:59  Gateway  
  175  11:04  Gateway  
  175  11:05  Dark Shrine  
  173  11:11  Probe x3  
  173  11:12  Probe, Disruptor (Chrono Boost)  
  178  11:21  Zealot x4  
  178  11:22  Zealot  
  184  11:28  Zealot x3  
  191  11:42  Protoss Ground Weapons Level 3 (Chrono Boost)  
  191  11:43  Disruptor (Chrono Boost)  
  191  11:44  Disruptor (Chrono Boost)  
  194  11:51  Probe x3  
  194  11:52  Assimilator x2  
  195  11:56  Stalker x2  
  195  12:01  Protoss Ground Armor Level 2 (Chrono Boost)  
  199  12:02  Observer  
  193  12:10  Gateway  
  193  12:12  Gateway  
  191  12:17  Zealot x5  
  183  12:41  Stalker  
  183  12:42  Stalker x3  
  183  12:44  Zealot x2  
  183  12:45  Zealot x2  
  183  12:49  Shadow Stride  
  183  12:51  Disruptor (Chrono Boost)  
  158  12:59  Disruptor (Chrono Boost)  
  154  13:08  Observer  
  154  13:12  Probe  
  155  13:13  Probe x3  
  155  13:17  Nexus, Assimilator  
  155  13:18  Pylon  
  158  13:22  Disruptor  
  158  13:23  High Templar x3  
  158  13:24  High Templar x3  
  158  13:25  Zealot x5  
  158  13:26  Zealot  
  185  13:28  Archon x3  
  185  13:37  Photon Cannon  
  185  13:40  Photon Cannon  
  185  13:45  Photon Cannon  
  185  13:48  Photon Cannon  
  185  13:51  Zealot x3  
  179  14:04  Dark Templar x5  
  179  14:05  Dark Templar x2  
  179  14:07  Dark Templar  
  194  14:30  Assimilator  
  194  14:31  Assimilator  
  194  14:38  Shield Battery  
  194  14:44  Zealot x3  
  200  14:47  Photon Cannon  
  200  14:49  Photon Cannon  
  200  14:51  Photon Cannon x2  
  200  14:55  Pylon  
Tags
 
Add a new tag
Caveats
  • Supply blocks, unpowered buildings, or Contaminate may cause inaccurate times.
  • Supply counts are checked every 10 seconds.